 Dungeon Crawl Stone Soup version 0.32-a0-908-g8e5f33bbaa (webtiles) character file.

Game seed: 1616543258397652489

2052 drwowa the Cleaver (level 9, 0/85 HPs)
             Began as a Mountain Dwarf Fighter on Apr 6, 2024.
             Was a Follower of Makhleb.
             Slain by an ogre
             ... wielding a +0 giant spiked club
              (15 damage)
             ... on level 8 of the Dungeon.
             The game lasted 00:40:40 (8795 turns).

drwowa the Cleaver (Mountain Dwarf Fighter)         Turns: 8795, Time: 00:40:40

Health: 0/85       AC: 13    Str: 19    XL:     9   Next: 4%
Magic:  9/9        EV:  4    Int: 15    God:    Makhleb [*.....]
Gold:   415        SH:  5    Dex: 11    Spells: 8/8 levels left

rFire   . . .        a - +1 war axe
rCold   . . .        c - +0 buckler
rNeg    . . .        A - +0 plate armour
rPois   .            (no helmet)
rElec   .            (no cloak)
rCorr   .            (no gloves)
SInv    .            (no boots)
Will    .....        (no amulet) Stlth
                     y - +6 ring of intelligence
HPRegen 0.34/turn    (no ring)
MPRegen 0.11/turn

%: clarity
@: invisible
A: runic magic, artefact enchanting, fangs 1, clarity, clumsy 1, robust 1
a: Renounce Religion


You were on level 8 of the Dungeon.
You worshipped Makhleb.
Makhleb was aware of your devotion.
You visited 2 branches of the dungeon, and saw 9 of its levels.
You also visited: Sewer.

You collected 415 gold pieces.

Inventory:

Hand Weapons
 a - a +1 war axe (weapon)
 b - a +1 whip of venom
Missiles
 h - 17 poisoned darts (quivered)
Armour
 c - a +0 buckler (worn)
 A - a +0 plate armour (worn)
Jewellery
 g - a ring of flight
 y - a +6 ring of intelligence (left hand)
Wands
 v - a wand of iceblast (10)
 x - a wand of digging (6)
 z - a wand of paralysis (9)
 C - a wand of flame (9)
Scrolls
 d - a scroll of enchant armour {unknown}
 f - a scroll of blinking
 j - a scroll of enchant weapon
 l - 2 scrolls of amnesia {unknown}
 o - a scroll of revelation {unknown}
 q - a scroll of teleportation
 r - 4 scrolls of noise {unknown}
 u - a scroll of fog
 B - a scroll of fear
 D - a scroll of silence {unknown}
Potions
 i - 2 potions of degeneration {unknown}
 k - 3 potions of magic
 m - 2 potions of curing
 n - 4 potions of cancellation {unknown}
 p - 2 potions of mutation
 s - a potion of brilliance {unknown}
 t - 2 potions of ambrosia {unknown}
 w - a potion of lignification {unknown}


   Skills:
 + Level 6.6 Fighting
 * Level 9.3 Axes
 + Level 6.7 Armour
 + Level 6.6 Shields


You had 8 spell levels left.
You didn't know any spells.
Your spell library contained the following spells:

 Spells                   Type           Power      Damage    Failure   Level
 Magic Dart               Conj           0%         1d3       58%         1
 Blink                    Tloc           0%         N/A       73%         2
 Call Imp                 Summ           0%         N/A       73%         2
 Teleport Other           Tloc           0%         N/A       91%         3
 Dispersal                Tloc           0%         N/A       100%        6
 Gell's Gavotte           Tloc           0%         2d(11-16) 100%        6


Dungeon Overview and Level Annotations

Branches:
Dungeon (8/15)             Temple (1/1) D:4            Lair (0/5) D:8
  Sewer (visited)

Altars:
Cheibriados
Dithmenos
Elyvilon
Fedhas
Gozag
Hepliaklqana
Kikubaaqudgha
Makhleb
Nemelex Xobeh
Okawaru
Qazlal
Ru
Sif Muna
Trog
Uskayaw
Vehumet
Wu Jian
Xom
Zin
The Shining One
Beogh

Shops:
D:6 (

Annotations:
D:6 3 runed translucent doors, Drangen's ghost, novice CoHu


Innate Abilities, Weirdness & Mutations

Your spellcasting is much less encumbered by armour.
You can use scrolls of enchantment on lesser artefacts.
You have very sharp teeth.
You possess an exceptional clarity of mind.
You are clumsy. (Dex -2)
You are robust. (+10% HP)


Message History

Your base attributes are Str 19, Int 9, Dex 11.
Increase (S)trength, (I)ntelligence, or (D)exterity?
You feel agile. x2
You hit the yak but do no damage.
The yak is moderately wounded.
You closely miss the yak. The yak gores you!
The yak gores you but does no damage.
You completely miss the yak.
The yak is moderately wounded.
You barely miss the yak. You block the yak's attack.
The yak gores you but does no damage.
You slash the yak! Your bite misses the yak.
The yak is heavily wounded.
You hit the yak. The yak gores you but does no damage.
You block the yak's attack.
You barely miss the yak. Your bite misses the yak.
The yak is heavily wounded.
You closely miss the ogre. You hit the yak.
The ogre hits you with a +0 giant spiked club!
The yak barely misses you. The yak gores you but does no damage.
You slash the yak!
The yak is almost dead.
You slash the yak! You hit the ogre.
The yak snorts and paws the ground.
The yak gores you. You block the yak's attack. The ogre barely misses you.
You barely miss the yak.
The yak is almost dead.
You hit the ogre. You hit the yak but do no damage. The yak gores you.
The yak gores you!
You completely miss the yak.
The yak is almost dead.
You hit the ogre. You closely miss the yak.
The ogre hits you with a +0 giant spiked club!
The yak gores you but does no damage. The yak gores you!
* * * LOW HITPOINT WARNING * * *
You fade into invisibility!
You block the yak's attack. The yak gores you!
* * * LOW HITPOINT WARNING * * *
The ogre hits you with a +0 giant spiked club!
You die...

#.............##....##.....##..
+.............###+####.....##..
#................. #.........
#..##.###.##..##... #.........
#..############ .. #.....##..
#......'......# . #.....##..
#......#......#####+##
#.....##......#Y......
#######......O@Y....#
#..#######....# #........# ####
#........# #........#
#........# #........#
####........# #......######


You could see 2 yaks and an ogre (unable to see you).

Vanquished Creatures
  A yak (D:8)
  2 ice beasts
  3 ogres
  A phantom (D:5)
  2 brain worms (Sewer)
  4 bullfrogs
  2 kobold brigands
  3 scorpions
  3 howler monkeys
  A bombardier beetle (D:5)
  4 hounds
  A gnoll bouda (D:5)
  A sleepcap (D:7)
  2 iguanas (D:5)
  2 orc wizards (D:6)
  4 gnolls
  12 adders
  4 river rats
  A white imp (D:6)
  2 ribbon worms (D:2)
  2 dart slugs (D:1)
  15 orcs
  10 ball pythons
  8 endoplasms
  6 giant cockroaches
  4 goblins
  5 hobgoblins
  17 kobolds
  3 quokkas
  A bat (D:2)
  8 frilled lizards
  4 rats
138 creatures vanquished.

Notes
Turn   | Place    | Note
-------+----------+-------------------------------------------
     0 | D:1      | drwowa the Mountain Dwarf Fighter began the quest for the
                  | Orb.
     0 | D:1      | Reached XP level 1. HP: 19/19 MP: 1/1
    69 | D:1      | Reached XP level 2. HP: 26/26 MP: 2/2
   347 | D:1      | Reached skill level 3 in Axes
   481 | D:1      | Reached XP level 3. HP: 20/31 MP: 3/3
  1137 | D:2      | Reached XP level 4. HP: 29/40 MP: 4/4
  1942 | D:3      | Reached skill level 4 in Axes
  2040 | D:3      | Found a shimmering altar of Xom.
  2072 | D:3      | Found a sparkling altar of Nemelex Xobeh.
  2130 | D:3      | Found a glowing drain.
  2150 | Sewer    | Entered a sewer
  2255 | Sewer    | Reached XP level 5. HP: 44/46 MP: 5/5
  2350 | Sewer    | Reached skill level 5 in Axes
  2781 | Sewer    | Reached XP level 6. HP: 33/53 MP: 2/6
  3790 | D:4      | Gained mutation: You are robust. (+10% HP) [potion of
                  | mutation]
  3790 | D:4      | Gained mutation: You have very sharp teeth. [potion of
                  | mutation]
  3790 | D:4      | Gained mutation: You are clumsy. (Dex -2) [potion of
                  | mutation]
  3790 | D:4      | Gained mutation: You possess an exceptional clarity of
                  | mind. [potion of mutation]
  3790 | D:4      | HP: 1/60 [poisoned by a scorpion]
  4146 | D:4      | Found a staircase to the Ecumenical Temple.
  4152 | Temple   | Entered the Ecumenical Temple
  4175 | Temple   | Became a worshipper of Makhleb the Destroyer
  4283 | D:4      | Reached skill level 6 in Axes
  4283 | D:4      | Reached skill level 5 in Armour
  4283 | D:4      | Reached XP level 7. HP: 52/66 MP: 7/7
  4661 | D:4      | Reached skill level 5 in Fighting
  4661 | D:4      | Reached skill level 5 in Shields
  4928 | D:5      | Entered Level 5 of the Dungeon
  5427 | D:5      | Found a stormy altar of Qazlal.
  5489 | D:5      | Reached skill level 7 in Axes
  5647 | D:5      | Reached XP level 8. HP: 32/75 MP: 8/8
  5963 | D:5      | Found a glowing silver altar of Zin.
  6723 | D:6      | Found a runed translucent gate.
  6724 | D:6      | Found a runed translucent gate.
  6724 | D:6      | Identified the +0 plate armour of Huotocso {+Blink Int+3}
  6725 | D:6      | Found a runed translucent gate.
  6903 | D:6      | Reached skill level 8 in Axes
  6910 | D:6      | Found an iron altar of Okawaru.
  6910 | D:6      | Found a shadowy altar of Dithmenos.
  6910 | D:6      | Found a blossoming altar of Fedhas.
  7133 | D:6      | Found a shimmering blue altar of Sif Muna.
  7223 | D:6      | Found Houpeoz's Antique Weapon Shop.
  7452 | D:6      | Reached * piety under Makhleb
  7520 | D:6      | Noticed Drangen's ghost (novice CoHu)
  7657 | D:6      | Found a roughly hewn altar of Beogh.
  7987 | D:7      | Found a snail-covered altar of Cheibriados.
  8032 | D:7      | Found an ancient bone altar of Kikubaaqudgha.
  8253 | D:7      | Reached skill level 9 in Axes
  8703 | D:8      | Found a staircase to the Lair.
  8788 | D:8      | Reached XP level 9. HP: 78/85 MP: 9/9
  8795 | D:8      | Slain by an ogre

Illustrated notes

Levels and vault maps discovered:
D:1:      dpeg_arrival_arbitrary_c, layout_basic
D:2:      layout_loops_corners
D:3:      layout_basic, mainiacjoe_overflow_boulevard, xom_butterflies,
          portal_sewer_entry_a, kennysheep_generic_room_12
D:4:      layout_gridville, minmay_temple_entry_overgrown,
          kennysheep_generic_room_8
D:5:      layout_loops_ring, old_standard_altar, zin_statuary, minmay_holes,
          minivault_19
D:6:      layout_loops_ring, kennysheep_orc_sif_temple,
          gammafunk_temple_overflow_claw, biasface_ghost_orc_armoury,
          serial_shops, nicolae_shop_gibbet_a_chance, minivault_22
D:7:      layout_basic, kiku_gazebo_garden_becter, mainiacjoe_overflow_alcove_4
D:8:      layout_gridville, lair_entry_dummy, minmay_statues_item
Temple:   eino_wide_crystal_templ

Skill      XL: |  1  2  3  4  5  6  7  8 |
---------------+-------------------------+-----
Axes           | 3 4 5 6 7 9 |  9.3
Armour         | 4 5 6 |  6.7
Shields        | 4 5 6 |  6.6
Fighting       | 4 5 6 |  6.6

Action                     |  1- 3 |  4- 6 |  7- 9 || total
---------------------------+-------+-------+-------++-------
  Melee: War axe           |   109 |   256 |   243 ||   608
         Bite              |       |     4 |    18 ||    22
  Throw: Dart              |       |       |     1 ||     1
    Use: Potion            |       |     8 |     2 ||    10
         Scroll            |       |     7 |       ||     7
 Armour: Scale mail        |    84 |   198 |    83 ||   365
         Chain mail        |       |       |    63 ||    63
         Plate armour      |       |       |    33 ||    33
  Dodge: Dodged            |    46 |   114 |    83 ||   243
  Block: Buckler           |    19 |    69 |    47 ||   135

Table legend: (Time is in decaauts)
 A = Elapsed time spent in this place.
 B = Non-inter-level travel time spent in this place.
 C = Inter-level travel time spent in this place.
 D = Time resting spent in this place.
 E = Time spent auto-exploring this place.
 F = Levels seen in this place.
 G = Mean time per level.
                   A        B        C        D        E       F      G
               +--------+--------+--------+--------+--------+-----+--------+
         Total |   9015 |   8658 |    357 |   1387 |   5552 |  10 |  901.5 |
       Dungeon |   8097 |   7750 |    347 |   1090 |   5189 |   8 | 1012.1 |
        Temple |     35 |     25 |     10 |      0 |      0 |   1 |   35.0 |
         Sewer |    883 |    883 |      0 |    297 |    363 |   1 |  883.0 |
               +--------+--------+--------+--------+--------+-----+--------+

Top non-repeatable levels by time:
     D:5: 1625 daAuts
     D:4: 1428 daAuts
     D:2: 1154 daAuts
     D:3: 1009 daAuts
     D:6: 972 daAuts
     D:7: 911 daAuts
   Sewer: 883 daAuts
     D:1: 793 daAuts
     D:8: 201 daAuts
  Temple: 35 daAuts
